 Dungeon Sprint DCSS version 0.22-a0-533-g4d20840 (webtiles) character file.

59 emperorscorpion the Gusty (level 3, -1/28 HPs)
             Began as a Deep Elf Air Elementalist on June 22, 2018.
             Slain by an ice beast (3 damage)
             ... in the Dungeon (Sprint IX: "|||||||||||||||||||||||||||||").
             The game lasted 00:00:26 (181 turns).

emperorscorpion the Gusty (DEAE)                     Turns: 181, Time: 00:00:26

Health: -1/28      AC:  2    Str: 10    XL:     3   Next: 78%
Magic:  4/11       EV: 14    Int: 20    God:
Gold:   0          SH:  0    Dex: 15    Spells: 11/12 levels left

rFire    . . .     SeeInvis .   (no weapon)
rCold    . . .     Gourm    .   (no shield)
rNeg     . . .     Faith    .   a - +0 robe
rPois    .         Spirit   .   (no helmet)
rElec    .         Reflect  .   (no cloak)
rCorr    .         Harm     .   (no gloves)
MR       .....     NoTele   +   (no boots)
Stlth    ..........             (no amulet)
HPRegen  0.09/turn              (no ring)
MPRegen  0.12/turn              (no ring)

@: berserking (expiring), very quick
A: no striking features
a: no special abilities


You were in the Dungeon.
You were not hungry.

You visited 1 branch

Inventory:

Armour
 a - a +0 robe (worn)
Scrolls
 i - a scroll of blinking
Potions
 d - a potion of curing
 e - a potion of heal wounds
 f - a potion of haste
 g - 2 potions of magic
Comestibles
 b - 2 chunks of flesh
 c - a ration


   Skills:
 + Level 4.1 Dodging
 + Level 3.6 Stealth
 + Level 5.4 Spellcasting
 + Level 1.8 Conjurations
 + Level 6.1 Air Magic


You had 11 spell levels left.
You knew the following spells:

 Your Spells              Type           Power        Failure   Level  Hunger
a - Shock                 Conj/Air       ###.         2%          1    None

Your spell library contained the following spells:

 Spells                   Type           Power        Failure   Level  Hunger
 Lightning Bolt           Conj/Air       ###.......   52%         5    #####..
 Swiftness                Chrm/Air       ###.....     4%          2    None
 Airstrike                Air            ####......   9%          4    ####...
 Static Discharge         Conj/Air       ###.....     6%          3    ##.....


Dungeon Overview and Level Annotations

Branches:
Dungeon (1/1)

Altars:


Message History

The ice beast is moderately wounded.
The ice beast hits you. The ice beast freezes you!
* * * LOW HITPOINT WARNING * * *
You punch the ice beast!
The ice beast is heavily wounded.
The ice beast barely misses you.
You punch the ice beast!
The ice beast is almost dead.
You hit the ice beast but do no damage.
The ice beast is almost dead.
The ice beast hits you but does no damage.
You barely miss the ice beast.
The ice beast is almost dead.
The ice beast hits you but does no damage.
You barely miss the ice beast.
The ice beast is almost dead.
You completely miss the ice beast.
The ice beast is almost dead.
The ice beast hits you.
You die... ▓▓▓▓▓▓▓▓▓▓▓▓▓▓▓▓▓▓ ▓<...'.)..@YW†.).+ ▓▓▓▓▓▓▓▓▓▓▓▓▓▓▓▓▓▓

You could see a phantom and an ice beast.

Vanquished Creatures
  A scorpion (D)
  An ooze (D)
  An orc (D)
  2 goblins (D)
  A hobgoblin (D)
  A bat (D)
  A frilled lizard (D)
8 creatures vanquished.

Notes
Turn   | Place    | Note
-------+----------+-------------------------------------------
     0 | D        | emperorscorpion the Deep Elf Air Elementalist began the quest for the Orb.
     0 | D        | Reached XP level 1. HP: 10/10 MP: 6/6
   167 | D        | Noticed a phantom
   167 | D        | Noticed an ice beast
   167 | D        | Noticed a scorpion
   170 | D        | Reached skill level 4 in Air Magic
   170 | D        | Reached XP level 2. HP: 15/15 MP: 5/9
   172 | D        | Killed a scorpion
   172 | D        | Reached skill level 5 in Spellcasting
   172 | D        | Reached skill level 6 in Air Magic
   172 | D        | Reached XP level 3. HP: 15/19 MP: 3/11
   175 | D        | HP: 1/28 [ice beast (13)]
   181 | D        | Slain by an ice beast

Vault maps used:
D:        linesprint

Skill      XL: |  1  2 |
---------------+-------+-----
Dodging        | 3 4 |  4.1
Spellcasting   | 4 5 |  5.4
Air Magic      | 4 6 |  6.1
Stealth        | 3 |  3.6
Conjurations   | |  1.8

Action                   || total
-------------------------++-------
Melee: Unarmed           ||     9
 Cast: Shock             ||    12
  Use: Potion            ||     1
Armor: Robe              ||     3
Dodge: Dodged            ||     5

Table legend:
 A = Spawn XP
 B = Non-spawn XP
 C = Spawn XP percentage of total XP
 D = Spawn monster count
 E = Non-spawn monster count
 F = Spawn count percentage of total count
 G = Total turns spent on level
                    A         B        C        D         E        F      G
               +---------+---------+-------+---------+---------+-------+---------
         Total |       0 |      85 |   0.0 |       0 |       8 |   0.0 |   181
               +---------+---------+-------+---------+---------+-------+---------
             D |       0 |      85 |   0.0 |       0 |       8 |   0.0 |   181
               +---------+---------+-------+---------+---------+-------+---------
